Map: Whispers of Gold

Players

조무낙지

  • Race: Protoss Protoss
  • League: Platinum
  • Spawn Location: 9:00

IIIIIIIIIIII - Winner!

  • Race: Zerg Zerg
  • League: Diamond
  • Spawn Location: 5:00

VOD

Have the link to the VOD?

Description

Time

  • Played on: Jan. 16, 2025, 1:45 a.m.
  • Length: 4:25
Show
View Real Time Build Order
Export as new Build Order

조무낙지 Protoss 

Build Orders: Cannon Rush 

Get SALT Encoding   

  12  0:01  Probe  
  13  0:10  Probe  
  14  0:22  Probe  
  14  0:27  Pylon  
  15  0:45  Forge, Probe  
  16  0:57  Probe  
  17  1:06  Probe  
  17  1:09  Pylon  
  18  1:15  Probe  
  19  1:32  Photon Cannon  
  19  1:34  Photon Cannon  
  19  1:39  Gateway  
  19  1:41  Assimilator  
  19  1:47  Photon Cannon  
  19  2:17  Nexus  
  19  2:25  Probe  
  19  2:29  Zealot  
  22  2:33  Probe  
  23  2:59  Pylon  
  24  3:12  Probe  
  24  3:16  Photon Cannon  
  13  3:25  Probe  
  14  3:29  Cybernetics Core  
  14  3:34  Pylon  
  14  3:44  Zealot  
Show
View Real Time Build Order
Export as new Build Order

IIIIIIIIIIII Zerg - Winner!

Build Orders: Hatch First 

Get SALT Encoding   

  12  0:00  Drone  
  13  0:08  Drone  
  13  0:13  Extractor  
  13  0:15  Drone  
  15  0:37  Hatchery  
  15  0:38  Spawning Pool  
  14  0:47  Drone, Extractor  
  15  0:50  Overlord  
  15  1:12  Hatchery  
  15  1:15  Drone  
  15  1:20  Drone  
  15  1:23  Drone  
  17  1:28  Zergling x2  
  18  1:59  Spawning Pool  
  17  2:04  Queen  
  17  2:07  Zergling x4  
  17  2:08  Zergling x2  
  22  2:27  Spine Crawler  
  22  2:29  Spine Crawler  
  20  2:38  Queen  
  22  2:46  Zergling x4  
  25  2:54  Spine Crawler  
  25  2:56  Zergling x4  
  26  3:03  Zergling x4  
  26  3:13  Zergling x4  
  26  3:20  Drone  
  27  3:37  Overlord  
  27  3:41  Zergling x2  
  28  3:57  Zergling x10  
Tags
 
Add a new tag
Caveats
  • Supply blocks, unpowered buildings, or Contaminate may cause inaccurate times.
  • Supply counts are checked every 10 seconds.